APL (24 & UNDER)
ATHENS ASSASSINS @ KENOSHA KINGFISH
08/23/2029
 
TOP OF THE 1ST
Athens Assassins batting - Pitching for Kenosha Kingfish : RHP Raúl Cruz
Pitching: RHP Raúl Cruz
Batting: RHB Júlio Castillo 0-0: Fly out, F9 (Flyball, 89S)
Batting: RHB Mel Wells 0-0: Ball
1-0: Called Strike
1-1: Foul Ball, location: 2F
1-2: Strikes out swinging
Batting: SHB David Boyle 0-0: Called Strike
0-1: Ball
1-1: Ball
2-1: Ground out 6-3 (Groundball, 6S)
Top of the 1st over - 0 runs, 0 hits, 0 errors, 0 left on base; Athens 0 - Kenosha 0
BOTTOM OF THE 1ST
Kenosha Kingfish batting - Pitching for Athens Assassins : RHP Raúl Maez
Pitching: RHP Raúl Maez
Batting: LHB Justin McCoy 0-0: Called Strike
0-1: Swinging Strike
0-2: Ball
1-2: Strikes out swinging
Batting: RHB Millard Ferguson 0-0: Ball
1-0: Foul Ball, location: 2F
1-1: Ball
2-1: Fly out, F4 (Line Drive, 4M)
Batting: LHB Juan Rodríguez 0-0: Foul Ball, location: 2F
0-1: Ball
1-1: Foul Ball, location: 2F
1-2: Foul Ball, location: 2F
1-2: Ball
2-2: SINGLE (Groundball, 34D)
Batting: LHB Marvin MacGruder 0-0: Ball
1-0: Ground out 4-3 (Groundball, 4)
Bottom of the 1st over - 0 runs, 1 hit, 0 errors, 1 left on base; Athens 0 - Kenosha 0
TOP OF THE 2ND
Athens Assassins batting - Pitching for Kenosha Kingfish : RHP Raúl Cruz
Batting: RHB Foster Hapgood 0-0: Called Strike
0-1: Called Strike
0-2: Ground out 1-3 (Groundball, 15S)
Batting: RHB John Jones 0-0: Fly out, F4 (Popup, 4M)
Batting: LHB Roy Woods 0-0: Called Strike
0-1: Ball
1-1: Swinging Strike
1-2: Ball
2-2: Ball
3-2: Ground out 4-3 (Groundball, 4)
Top of the 2nd over - 0 runs, 0 hits, 0 errors, 0 left on base; Athens 0 - Kenosha 0
BOTTOM OF THE 2ND
Kenosha Kingfish batting - Pitching for Athens Assassins : RHP Raúl Maez
Batting: RHB Argan Kamuliva 0-0: Called Strike
0-1: Ball
1-1: Ball
2-1: Fly out, F2 (Popup, 2RF)
Batting: SHB José Ayala 0-0: Foul Ball, location: 2F
0-1: Ball
1-1: Ball
2-1: Foul Ball, location: 2F
2-2: Ball
3-2: Ground out 4-3 (Groundball, 4)
Batting: RHB Vicente Rosales 0-0: Ball
1-0: Foul Ball, location: 2F
1-1: Swinging Strike
1-2: Strikes out swinging
Bottom of the 2nd over - 0 runs, 0 hits, 0 errors, 0 left on base; Athens 0 - Kenosha 0
TOP OF THE 3RD
Athens Assassins batting - Pitching for Kenosha Kingfish : RHP Raúl Cruz
Batting: RHB Jorge Loanos 0-0: Ball
1-0: Ball
2-0: Ball
3-0: Base on Balls
Batting: RHB Maximino Abbado 0-0: Ball
Jorge Loanos steals 2nd base
1-0: Swinging Strike
1-1: Called Strike
1-2: Strikes out swinging
Batting: RHB Don Martin 0-0: Ball
1-0: Ball
2-0: Ball
3-0: Called Strike
3-1: Foul Ball, location: 2F
3-2: Strikes out swinging
Batting: RHB Júlio Castillo 0-0: Ball
1-0: Foul Ball, location: 2F
1-1: Ball
2-1: Reached on error, E4 (Groundball, 4M)
Jorge Loanos to third
Batting: RHB Mel Wells 0-0: Called Strike
0-1: Ball
1-1: Ball
2-1: Ground out 4-3 (Groundball, 4S)
Top of the 3rd over - 0 runs, 0 hits, 1 error, 2 left on base; Athens 0 - Kenosha 0
BOTTOM OF THE 3RD
Kenosha Kingfish batting - Pitching for Athens Assassins : RHP Raúl Maez
Batting: RHB Jeff Navarro 0-0: Called Strike
0-1: Ball
1-1: Ball
2-1: Foul Ball, location: 2F
2-2: Ball
3-2: Strikes out swinging
Batting: RHB Corey Nichols 0-0: Foul Ball, location: 2F
0-1: Ball
1-1: Swinging Strike
1-2: Strikes out swinging
Batting: LHB Justin McCoy 0-0: Ball
1-0: Swinging Strike
1-1: Ball
2-1: Ball
3-1: Base on Balls
Batting: RHB Millard Ferguson 0-0: Called Strike
0-1: Ball
Justin McCoy is caught stealing 2nd base
Bottom of the 3rd over - 0 runs, 0 hits, 0 errors, 0 left on base; Athens 0 - Kenosha 0
TOP OF THE 4TH
Athens Assassins batting - Pitching for Kenosha Kingfish : RHP Raúl Cruz
Batting: SHB David Boyle 0-0: Ball
1-0: Swinging Strike
1-1: Ball
2-1: Foul Ball, location: 2F
2-2: Ball
3-2: Foul Ball, location: 2F
3-2: DOUBLE (Line Drive, 7LM)
Batting: RHB Foster Hapgood 0-0: Foul Ball, location: 2F
0-1: Ball
1-1: Ball
2-1: Swinging Strike
2-2: Ball
3-2: Reached on error, E4 (Groundball, 6M)
David Boyle scores
Batting: RHB John Jones 0-0: Swinging Strike
0-1: Foul Ball, location: 2F
0-2: Ball
1-2: Foul Ball, location: 2F
1-2: Strikes out swinging
Batting: LHB Roy Woods 0-0: Called Strike
0-1: Ball
1-1: Ball
2-1: Ball
3-1: Called Strike
3-2: Base on Balls
Batting: RHB Jorge Loanos 0-0: Ball
1-0: Foul Ball, location: 2F
1-1: Ball
2-1: Foul Ball, location: 2F
2-2: Foul Ball, location: 2F
2-2: Ball
3-2: Foul Ball, location: 2F
3-2: Base on Balls
Foster Hapgood to third
Roy Woods to second
Batting: RHB Maximino Abbado 0-0: Ball
1-0: Swinging Strike
1-1: Foul Ball, location: 2F
1-2: Strikes out swinging
Batting: RHB Don Martin 0-0: Ball
1-0: Foul Ball, location: 2F
1-1: Called Strike
1-2: Foul Ball, location: 2F
1-2: Ball
2-2: Strikes out swinging
Top of the 4th over - 1 run, 1 hit, 1 error, 3 left on base; Athens 1 - Kenosha 0
BOTTOM OF THE 4TH
Kenosha Kingfish batting - Pitching for Athens Assassins : RHP Raúl Maez
Batting: RHB Millard Ferguson 0-0: Ball
1-0: Ground out U3 (Groundball, 34)
Batting: LHB Juan Rodríguez 0-0: Foul Ball, location: 2F
0-1: Ball
1-1: Ball
2-1: Swinging Strike
2-2: Foul Ball, location: 2F
2-2: Strikes out swinging
Batting: LHB Marvin MacGruder 0-0: Ball
1-0: Called Strike
1-1: Called Strike
1-2: SOLO HOME RUN (Flyball, 9LD), Distance : 343 ft
Batting: RHB Argan Kamuliva 0-0: Ball
1-0: Ball
2-0: Swinging Strike
2-1: Foul Ball, location: 2F
2-2: Ball
3-2: Strikes out looking
Bottom of the 4th over - 1 run, 1 hit, 0 errors, 0 left on base; Athens 1 - Kenosha 1
TOP OF THE 5TH
Athens Assassins batting - Pitching for Kenosha Kingfish : RHP Raúl Cruz
Batting: RHB Júlio Castillo 0-0: Called Strike
0-1: Foul Ball, location: 2F
0-2: Foul Ball, location: 2F
0-2: Ball
1-2: Foul Ball, location: 2F
1-2: Ball
2-2: Strikes out looking
Batting: RHB Mel Wells 0-0: Swinging Strike
0-1: Foul Ball, location: 2F
0-2: Strikes out swinging
Batting: SHB David Boyle 0-0: Ground out 6-3 (Groundball, 6)
Top of the 5th over - 0 runs, 0 hits, 0 errors, 0 left on base; Athens 1 - Kenosha 1
BOTTOM OF THE 5TH
Kenosha Kingfish batting - Pitching for Athens Assassins : RHP Raúl Maez
Batting: SHB José Ayala 0-0: Ball
1-0: Ball
2-0: Swinging Strike
2-1: Called Strike
2-2: Strikes out swinging
Batting: RHB Vicente Rosales 0-0: Ball
1-0: Ball
2-0: DOUBLE (Line Drive, 9D)
Batting: RHB Jeff Navarro 0-0: Ball
1-0: Ball
2-0: Called Strike
2-1: Ball
3-1: Foul Ball, location: 2F
3-2: Ground out 5-3 (Groundball, 56)
Batting: RHB Corey Nichols 0-0: Ball
1-0: Called Strike
1-1: Fly out, F4 (Popup, 4M)
Bottom of the 5th over - 0 runs, 1 hit, 0 errors, 1 left on base; Athens 1 - Kenosha 1
TOP OF THE 6TH
Athens Assassins batting - Pitching for Kenosha Kingfish : RHP Raúl Cruz
Batting: RHB Foster Hapgood 0-0: Ball
1-0: Ball
2-0: Ball
3-0: Called Strike
3-1: Called Strike
3-2: Strikes out looking
Pitching: RHP Rafael Marín
Batting: RHB John Jones 0-0: Ball
1-0: Fly out, F8 (Flyball, 8RS)
Batting: LHB Roy Woods 0-0: Ball
1-0: Called Strike
1-1: Swinging Strike
1-2: Ball
2-2: Foul Ball, location: 2F
2-2: Ball
3-2: Foul Ball, location: 2F
3-2: SOLO HOME RUN (Flyball, 9LD), Distance : 357 ft
Batting: RHB Jorge Loanos 0-0: Foul Ball, location: 2F
0-1: Ground out 6-3 (Groundball, 6)
Top of the 6th over - 1 run, 1 hit, 0 errors, 0 left on base; Athens 2 - Kenosha 1
BOTTOM OF THE 6TH
Kenosha Kingfish batting - Pitching for Athens Assassins : RHP Raúl Maez
Batting: LHB Justin McCoy 0-0: Ball
1-0: Ball
2-0: Foul Ball, location: 2F
2-1: Foul Ball, location: 2F
2-2: Ball
3-2: Base on Balls
Batting: RHB Millard Ferguson 0-0: Ball
1-0: SINGLE (Line Drive, 56D)
Justin McCoy to second
Batting: LHB Juan Rodríguez 0-0: Called Strike
0-1: Ball
1-1: Called Strike
1-2: Strikes out swinging
Batting: LHB Marvin MacGruder 0-0: Called Strike
Millard Ferguson is caught stealing 2nd base
0-1: Ball
1-1: Called Strike
1-2: Fly out, F9 (Flyball, 9LM)
Bottom of the 6th over - 0 runs, 1 hit, 0 errors, 1 left on base; Athens 2 - Kenosha 1
TOP OF THE 7TH
Athens Assassins batting - Pitching for Kenosha Kingfish : RHP Rafael Marín
Batting: RHB Maximino Abbado 0-0: Called Strike
0-1: Ball
1-1: Called Strike
1-2: Strikes out swinging
Batting: RHB Don Martin 0-0: Called Strike
0-1: Foul Ball, location: 2F
0-2: Ball
1-2: Strikes out swinging
Batting: RHB Júlio Castillo 0-0: Called Strike
0-1: Called Strike
0-2: Ball
1-2: Ball
2-2: SINGLE (Flyball, 8LS)
Pinch Hitting: RHB Alexander Barr 0-0: Ball
1-0: Swinging Strike
1-1: Ball
2-1: Ball
Júlio Castillo steals 2nd base
3-1: Ground out U3 (Groundball, 3)
Top of the 7th over - 0 runs, 1 hit, 0 errors, 1 left on base; Athens 2 - Kenosha 1
BOTTOM OF THE 7TH
Kenosha Kingfish batting - Pitching for Athens Assassins : RHP Raúl Maez
Pitching: RHP James Mantle
Now at SS: Joe Baker
Batting: RHB Argan Kamuliva 0-0: Swinging Strike
0-1: Foul Ball, location: 2F
0-2: Ball
1-2: Foul Ball, location: 2F
1-2: Strikes out swinging
Batting: SHB José Ayala 0-0: Called Strike
0-1: Ball
1-1: Ball
2-1: Ball
3-1: Foul Ball, location: 2F
3-2: Foul Ball, location: 2F
3-2: Base on Balls
Pinch Hitting: RHB Armando Arellano 0-0: Ball
1-0: Foul Ball, location: 2F
1-1: Swinging Strike
1-2: Strikes out looking
Batting: RHB Jeff Navarro 0-0: Called Strike
0-1: Ball
1-1: Called Strike
1-2: Strikes out looking
Bottom of the 7th over - 0 runs, 0 hits, 0 errors, 1 left on base; Athens 2 - Kenosha 1
TOP OF THE 8TH
Athens Assassins batting - Pitching for Kenosha Kingfish : RHP Rafael Marín
Now at 2B: Armando Arellano
Batting: SHB David Boyle 0-0: Called Strike
0-1: Ball
1-1: Called Strike
1-2: Ball
2-2: Strikes out swinging
Batting: RHB Foster Hapgood 0-0: Ground out 6-3 (Groundball, 6)
Batting: RHB John Jones 0-0: Ball
1-0: Ball
2-0: Ball
3-0: Called Strike
3-1: Called Strike
3-2: Strikes out swinging
Top of the 8th over - 0 runs, 0 hits, 0 errors, 0 left on base; Athens 2 - Kenosha 1
BOTTOM OF THE 8TH
Kenosha Kingfish batting - Pitching for Athens Assassins : RHP James Mantle
Batting: RHB Corey Nichols 0-0: Called Strike
0-1: Ball
1-1: Foul Ball, location: 2F
1-2: Foul Ball, location: 2F
1-2: Strikes out swinging
Pitching: LHP Silas Hampton
Batting: LHB Justin McCoy 0-0: Foul Ball, location: 2F
0-1: Called Strike
0-2: Foul Ball, location: 2F
0-2: Ball
1-2: Foul Ball, location: 2F
1-2: Foul Ball, location: 2F
1-2: Foul Ball, location: 2F
1-2: Foul Ball, location: 2F
1-2: Ball
2-2: Foul Ball, location: 2F
2-2: Foul Ball, location: 2F
2-2: Ground out 4-3 (Groundball, 4)
Pitching: RHP Rod Whitaker
Batting: RHB Millard Ferguson 0-0: Swinging Strike
0-1: Ball
1-1: Swinging Strike
1-2: Ball
2-2: Ball
3-2: Foul Ball, location: 2F
3-2: Strikes out swinging
Bottom of the 8th over - 0 runs, 0 hits, 0 errors, 0 left on base; Athens 2 - Kenosha 1
TOP OF THE 9TH
Athens Assassins batting - Pitching for Kenosha Kingfish : RHP Rafael Marín
Pitching: RHP Ángel Casillas
Batting: LHB Roy Woods 0-0: Ball
1-0: Ball
2-0: Fly out, F5 (Line Drive, 5S)
Batting: RHB Jorge Loanos 0-0: Foul Ball, location: 2F
0-1: Foul Ball, location: 2F
0-2: Ball
1-2: Ground out 6-3 (Groundball, 6)
Batting: RHB Maximino Abbado 0-0: Ball
1-0: Called Strike
1-1: Ground out 4-3 (Groundball, 4S)
Top of the 9th over - 0 runs, 0 hits, 0 errors, 0 left on base; Athens 2 - Kenosha 1
BOTTOM OF THE 9TH
Kenosha Kingfish batting - Pitching for Athens Assassins : RHP Rod Whitaker
Pitching: LHP Dan Thompson
Batting: LHB Juan Rodríguez 0-0: Foul Ball, location: 2F
0-1: SINGLE (Groundball, 23) (infield hit)
Batting: LHB Marvin MacGruder 0-0: Ground out 4-3 (Groundball, 34)
Juan Rodríguez to second
Batting: RHB Argan Kamuliva 0-0: Called Strike
0-1: Ball
1-1: Foul Ball, location: 2F
1-2: Ball
2-2: Ball
3-2: Ground out 6-3 (Groundball, 6)
Batting: SHB José Ayala 0-0: Called Strike
0-1: Ball
1-1: Ground out U3 (Groundball, 3)
Bottom of the 9th over - 0 runs, 1 hit, 0 errors, 1 left on base; Athens 2 - Kenosha 1
Saturday, December 16th, 2017 - OOTP Baseball 18.8 Build 76